 Dungeon Crawl Stone Soup version 0.19-a0-462-g6140235 (webtiles) character file.

1197 MenacingMecha the Basher (level 8, -4/87 HPs)
             Began as an Ogre Hunter on June 3, 2016.
             Was an Initiate of Okawaru.
             Slain by an orc warrior
             ... wielding a +0 mace
              (22 damage)
             ... on level 5 of the Dungeon.
             The game lasted 00:22:14 (6914 turns).

MenacingMecha the Basher (Ogre Hunter)              Turns: 6914, Time: 00:22:14

Health: -4/87      AC:  3    Str: 18    XL:     8   Next: 44%
Magic:  8/8        EV: 11    Int: 10    God:    Okawaru [......]
Gold:   290        SH:  0    Dex: 12    Spells: 0 memorised, 7 levels left

rFire  + . .     SeeInvis .     l - -1 short sword (curse)
rCold  . . .     Gourm    .     b - +0 robe
rNeg   . . .     Faith    .     (no shield)
rPois  .         Spirit   .     (helmet restricted)
rElec  .         Dismiss  .     (no cloak)
rCorr  .         Reflect  .     (gloves unavailable)
SustAt .         Harm     .     (boots unavailable)
MR     .....                    h - amulet of regeneration {+regen, !d}
Stlth  +.........               (no ring)
                                g - ring of protection from fire {rF+}

@: not resistant to hostile enchantments, very unstealthy
A: unfitting armour, tough skin 1
a: Renounce Religion


You were on level 5 of the Dungeon.
You worshipped Okawaru.
Okawaru was noncommittal.
You were not hungry.

You visited 1 branch of the dungeon, and saw 6 of its levels.

You collected 290 gold pieces.

Inventory:

Hand Weapons
 c - a +0 trident of protection
   (You found it on level 5 of the Dungeon)
 l - a cursed -1 short sword (weapon)
   (You found it on level 1 of the Dungeon)
 q - a +1 flail
   (You took it off Terence on level 2 of the Dungeon)
 w - a +0 flail of protection
   (You took it off an orc on level 5 of the Dungeon)
Missiles
 k - 184 stones
 t - 43 poisoned needles
 x - 5 tomahawks (quivered)
Armour
 b - a +0 robe (worn)
Magical Staves
 d - an uncursed staff of air {unknown}
   (You found it on level 4 of the Dungeon)
 e - an uncursed staff of cold {unknown}
   (You found it on level 3 of the Dungeon)
Jewellery
 g - a ring of protection from fire (left hand) {rF+}
   (You found it on level 1 of the Dungeon)
 h - an amulet of regeneration (around neck) {+regen, !d}
   (You found it on level 2 of the Dungeon)
 i - a +3 amulet of reflection
   (You found it on level 2 of the Dungeon)
Wands
 p - a wand of confusion (13/48)
   (You found it on level 4 of the Dungeon)
Scrolls
 m - a scroll of magic mapping
 n - 5 scrolls of identify
 o - 4 scrolls of amnesia
 y - a scroll of enchant weapon
 z - a scroll of enchant armour {unknown}
Potions
 a - a potion of curing
 s - 2 potions of brilliance
 v - a potion of ambrosia
Comestibles
 f - 4 bread rations
 r - 2 fruits


   Skills:
 - Level 7.0 Fighting
 - Level 9.3 Maces & Flails
 - Level 4.0 Throwing
 + Level 4.2 Dodging
 - Level 0.7 Stealth


You had 7 spell levels left.
You didn't know any spells.

Dungeon Overview and Level Annotations

Branches:
Dungeon (6/15)             Temple (0/1) D:6

Altars:
Fedhas
Hepliaklqana
Okawaru
Qazlal
Ru
Zin

Shops:
D:5 [


Innate Abilities, Weirdness & Mutations

You are too large for most types of armour.
You have tough skin. (AC +1)


Message History

The orc warrior hits you with a mace.
You hit the orc warrior.
The orc warrior is moderately wounded.
The orc warrior hits you but does no damage.
You hit the orc warrior.
The orc warrior is moderately wounded.
The orc warrior hits you but does no damage.
You hit the orc warrior but do no damage.
The orc warrior is moderately wounded.
The orc warrior hits you but does no damage.
You hit the orc warrior but do no damage.
The orc warrior is moderately wounded.
The orc warrior hits you with a mace!
You hit the orc warrior but do no damage.
The orc warrior is moderately wounded.
The orc warrior hits you with a mace!
You hit the orc warrior.
The orc warrior is moderately wounded.
You hit the orc warrior but do no damage.
The orc warrior is moderately wounded.
The orc warrior hits you but does no damage.
You closely miss the orc warrior.
The orc warrior is moderately wounded.
The orc warrior hits you but does no damage.
You hit the orc warrior but do no damage.
The orc warrior is moderately wounded.
The orc warrior hits you with a mace.
You hit the orc warrior but do no damage.
The orc warrior is moderately wounded.
The orc warrior hits you but does no damage.
You hit the orc warrior.
The orc warrior is heavily wounded.
The orc warrior hits you with a mace!
You closely miss the orc warrior.
The orc warrior is heavily wounded.
The orc warrior hits you with a mace.
You barely miss the orc warrior.
The orc warrior is heavily wounded.
The orc warrior hits you with a mace.
You hit the orc warrior but do no damage.
The orc warrior is heavily wounded.
The orc warrior hits you but does no damage.
You barely miss the orc warrior.
The orc warrior is heavily wounded.
The orc warrior hits you but does no damage.
You hit the orc warrior but do no damage.
The orc warrior is heavily wounded.
The orc warrior hits you but does no damage.
You closely miss the orc warrior.
The orc warrior is heavily wounded.
Your transformation is almost over.
The orc warrior hits you but does no damage.
You hit the orc warrior but do no damage.
The orc warrior is heavily wounded.
You hit the orc warrior but do no damage.
The orc warrior is heavily wounded.
The orc warrior hits you but does no damage.
You closely miss the orc warrior.
The orc warrior is heavily wounded.
The orc warrior hits you but does no damage.
You hit the orc warrior but do no damage.
The orc warrior is heavily wounded.
The orc warrior hits you with a mace!
You hit the orc warrior.
The orc warrior is heavily wounded.
The orc warrior hits you but does no damage.
You hit the orc warrior but do no damage.
The orc warrior is heavily wounded.
The orc warrior hits you with a mace.
You hit the orc warrior but do no damage.
The orc warrior is heavily wounded.
The orc warrior hits you but does no damage.
You barely miss the orc warrior.
The orc warrior is heavily wounded.
You feel less woody.
Your +0 robe unmelds from your body.
The orc warrior hits you with a mace.
* * * LOW HITPOINT WARNING * * *
You hit the orc warrior but do no damage.
The orc warrior is heavily wounded.
The orc warrior hits you with a mace!
* * * LOW HITPOINT WARNING * * *
You see here a flail.
Throwing (i - inventory. (,) - cycle):
x - 8 tomahawks (quivered)
Press: ? - help, Shift-Dir - straight line, f - orc warrior
Aim: an orc warrior, wielding a mace and wearing a chain mail (heavily wounded)
You throw a tomahawk. The tomahawk hits the orc warrior!
The orc warrior is severely wounded.
The orc warrior hits you but does no damage.
Throwing (i - inventory. (,) - cycle):
x - 7 tomahawks (quivered)
Press: ? - help, Shift-Dir - straight line, f/p - orc warrior
Aim: an orc warrior, wielding a mace and wearing a chain mail (severely wounded)
You throw a tomahawk. The tomahawk hits the orc warrior.
The orc warrior is almost dead.
Throwing (i - inventory. (,) - cycle):
x - 6 tomahawks (quivered)
Press: ? - help, Shift-Dir - straight line, f/p - orc warrior
Aim: an orc warrior, wielding a mace and wearing a chain mail (almost dead)
You throw a tomahawk.
The tomahawk completely misses the orc warrior.
The orc warrior hits you with a mace!!
You die...

####.####....................
#....####....................
#......##....................
#....#(#########..##.#######.
#....#.# ##.##.# ## #....#.#
#..#.### #....#.# ##.#...#
#....#.###########.#.#.#
####.#()..o@....#..._..###
####.....#########.#..#.#...####
#...#..>........................
#...#.....#####.............####
#...#..##.# #.............#
#...#...#.# ##..........###
#.......#'#### #####......#
#..........).# ###......###
#......<.....#####..........#


You could see an orc warrior.

Vanquished Creatures
  An orc warrior (D:5)
  2 sky beasts
  A centaur (D:6)
  The ghost of Brrr the Digger, an amateur GrEE (D:3)
  A scorpion (D:3)
  2 howler monkeys (D:4)
  A centaur zombie (D:4)
  A jelly (D:6)
  A hound (D:4)
  An orc priest (D:3)
  4 orc wizards
  Jessica (D:2)
  Terence (D:2)
  2 iguanas (D:4)
  A worker ant (D:3)
  A hound zombie (D:4)
  2 hound skeletons (D:4)
  2 howler monkey zombies
  2 worker ant zombies (D:4)
  4 gnolls (D:2)
  7 adders
  An ooze (D:2)
  An adder zombie (D:4)
  2 adder skeletons (D:4)
  A worm (D:3)
  A dart slug (D:3)
  2 giant geckos
  16 orcs
  A ball python (D:2)
  2 bats
  A giant cockroach (D:2)
  7 goblins
  4 hobgoblins
  6 jackals (D:2)
  2 quokkas
  2 ball python zombies (D:4)
  A giant gecko skeleton (D:5)
  3 giant newts
  A jackal skeleton (D:4)
  5 kobolds
  2 quokka skeletons (D:4)
  A quokka zombie (D:4)
  6 rats
107 creatures vanquished.

Notes
Turn   | Place    | Note
--------------------------------------------------------------
     0 | D:1      | MenacingMecha the Ogre Hunter began the quest for the Orb.
     0 | D:1      | Reached XP level 1. HP: 22/22 MP: 1/1
   218 | D:1      | Reached skill level 3 in Fighting
   338 | D:1      | Reached XP level 2. HP: 23/31 MP: 2/2
   919 | D:2      | Found a stormy altar of Qazlal.
   925 | D:2      | Reached skill level 4 in Fighting
   964 | D:2      | Noticed Jessica
   965 | D:2      | Killed Jessica
   965 | D:2      | Reached skill level 5 in Fighting
   965 | D:2      | Reached XP level 3. HP: 42/42 MP: 3/3
  1268 | D:2      | Reached XP level 4. HP: 50/50 MP: 4/4
  1490 | D:2      | Reached skill level 6 in Fighting
  1751 | D:2      | Noticed Terence
  1752 | D:2      | Killed Terence
  1752 | D:2      | Reached XP level 5. HP: 61/61 MP: 5/5
  1911 | D:2      | Found a sacrificial altar of Ru.
  1955 | D:3      | Reached skill level 7 in Fighting
  2231 | D:3      | Noticed Brrr's ghost (amateur GrEE)
  2234 | D:3      | Killed Brrr's ghost
  2234 | D:3      | Reached skill level 3 in Maces & Flails
  2284 | D:3      | Reached XP level 6. HP: 69/71 MP: 6/6
  2432 | D:3      | Found a faded altar of an unknown god.
  2502 | D:2      | HP: 17/71 [orc wizard/dagger (2)]
  2504 | D:2      | Reached skill level 4 in Maces & Flails
  2959 | D:3      | Found a glowing silver altar of Zin.
  3116 | D:3      | Found a hazy altar of Hepliaklqana.
  3373 | D:3      | Reached skill level 5 in Maces & Flails
  3893 | D:4      | Reached skill level 6 in Maces & Flails
  4080 | D:4      | HP: 13/71 [centaur zombie (6)]
  4087 | D:4      | HP: 6/71 [centaur zombie (4)]
  4091 | D:4      | HP: 2/71 [centaur zombie (5)]
  4094 | D:4      | Reached XP level 7. HP: 3/78 MP: 7/7
  4179 | D:4      | HP: 19/78 [howler monkey (1)]
  4189 | D:4      | Reached skill level 7 in Maces & Flails
  4194 | D:4      | HP: 16/78 [quokka zombie (2)]
  4204 | D:4      | HP: 15/78 [quokka zombie (3)]
  4864 | D:3      | HP: 18/78 [scorpion (10)]
  4870 | D:3      | HP: 18/78 [poisoned by a scorpion]
  4875 | D:3      | HP: 14/78 [scorpion (2)]
  4881 | D:3      | HP: 16/78 [poisoned by a scorpion]
  5007 | D:4      | Reached skill level 8 in Maces & Flails
  5168 | D:4      | Found a blossoming altar of Fedhas.
  5580 | D:5      | Entered Level 5 of the Dungeon
  5667 | D:4      | HP: 19/78 [orc/trident (8)]
  5672 | D:4      | HP: 17/78 [orc/trident (5)]
  5820 | D:5      | Found Fojuopsio's Armour Shop.
  5840 | D:5      | Reached skill level 9 in Maces & Flails
  5840 | D:5      | Reached XP level 8. HP: 87/87 MP: 8/8
  5856 | D:5      | Found an iron altar of Okawaru.
  5947 | D:4      | HP: 19/87 [something (6)]
  5968 | D:4      | HP: 30/130 [sky beast (5)]
  5978 | D:4      | HP: 28/130 [sky beast (2)]
  5982 | D:4      | Reached skill level 2 in Dodging
  6204 | D:5      | Became a worshipper of Warmaster Okawaru
  6382 | D:5      | Reached skill level 3 in Dodging
  6646 | D:6      | HP: 20/87 [centaur (6)]
  6648 | D:6      | Reached skill level 4 in Dodging
  6791 | D:6      | Found a staircase to the Ecumenical Temple.
  6906 | D:5      | HP: 12/87 [orc warrior/mace (14)]
  6914 | D:5      | Slain by an orc warrior

Vault maps used:
D:1:      mushboom_english_gardens, serial_curves, eino_curves_02,
          eino_curves_03
D:2:      nicolae_overflow_hidden_temple, nicolae_ru_path_of_blood, first_bread,
          minivault_19, grunt_qazlal_sundering, uniq_terence, uniq_jessica
D:3:      minitemple, ecumenical_altar_1
D:4:      kennysheep_little_box, serial_undead, serial_undead_c,
          serial_undead_f, serial_undead_c, serial_undead_a, serial_undead_d,
          serial_undead_b
D:5:      lemuel_crystal_altar, serial_shops, shop
D:6:      grunt_temple_overflow_open, minmay_temple_entry_statues_pillars,
          elyvilon_altar_4

Skill      XL: |  1  2  3  4  5  6  7  8 |
---------------+-------------------------+-----
Fighting       | 3 5 6 7 |  7.0
Maces & Flails | 3 6 9 |  9.3
Dodging        | 4 |  4.2
Throwing       | |  4.0
Stealth        | |  0.7

Action                   |  1- 3 |  4- 6 |  7- 9 || total
-------------------------+-------+-------+-------++-------
Melee: Whip              |    16 |       |       ||    16
       Short sword       |    63 |   189 |   290 ||   542
Throw: Stone             |    42 |    99 |    67 ||   208
       Large rock        |     1 |    21 |    28 ||    50
       Throwing net      |       |     2 |     2 ||     4
       Tomahawk          |       |       |     8 ||     8
  Use: Scroll            |     6 |     3 |     6 ||    15
       Potion            |       |       |     4 ||     4
 Stab: Sleeping          |     2 |       |     1 ||     3
       Held in net/web   |       |       |     1 ||     1
  Eat: Chunk             |     1 |     8 |     6 ||    15
       Fruit             |       |     1 |     2 ||     3
       Royal jelly       |       |       |     1 ||     1
Armor: Robe              |    24 |    32 |   200 ||   256
       Skin              |       |       |    31 ||    31
Dodge: Dodged            |    48 |   112 |   283 ||   443

Vault maps used:
D:1:      mushboom_english_gardens, serial_curves, eino_curves_02,
          eino_curves_03
D:2:      nicolae_overflow_hidden_temple, nicolae_ru_path_of_blood, first_bread,
          minivault_19, grunt_qazlal_sundering, uniq_terence, uniq_jessica
D:3:      minitemple, ecumenical_altar_1
D:4:      kennysheep_little_box, serial_undead, serial_undead_c,
          serial_undead_f, serial_undead_c, serial_undead_a, serial_undead_d,
          serial_undead_b
D:5:      lemuel_crystal_altar, serial_shops, shop
D:6:      grunt_temple_overflow_open, minmay_temple_entry_statues_pillars,
          elyvilon_altar_4

Table legend:
 A = Turns spent in this place as a percentage of turns spent in the entire game.
 B = Non-inter-level travel turns spent in this place as a percentage of non-inter-level travel turns spent in the entire game.
 C = Inter-level travel turns spent in this place as a percentage of turns spent in this place.
 D = Turns resting spent in this place as a percentage of non-inter-level travel turns spent in this place.
 E = Turns spent auto-exploring this place as a percentage of non-inter-level travel turns spent in this place.
 F = Non-inter-level travel turns spent in this place divided by the number of levels of this place that you've seen.
                   A       B       C       D       E      F
               +-------+-------+-------+-------+-------+----------------------
         Total | 100.0 | 100.0 |   0.4 |   4.2 |   5.4 | 351.8
       Dungeon | 100.0 | 100.0 |   0.4 |   4.2 |   5.4 | 351.8
               +-------+-------+-------+-------+-------+----------------------

Table legend:
 A = Kills in this place as a percentage of kills in entire the game.
 B = Kills by you in this place as a percentage of kills by you in the entire game.
 C = Kills by friends in this place as a percentage of kills by friends in the entire game.
 D = Other kills in this place as a percentage of other kills in the entire game.
 E = Experience gained in this place as a percentage of experience gained in the entire game.
 F = Experience gained in this place divided by the number of levels of this place that you have seen.
                   A       B       C       D       E      F
               +-------+-------+-------+-------+-------+----------------------
         Total | 100.0 | 100.0 |  -nan |  -nan | 100.0 | 285.2
       Dungeon | 100.0 | 100.0 |  -nan |  -nan | 100.0 | 285.2
               +-------+-------+-------+-------+-------+----------------------
